 Dungeon Crawl Stone Soup version 0.20.1-1-g8b1a95d (webtiles) character file.

65 dohliylev the Sneak (level 3, -3/24 HPs)
             Began as a Vampire Enchanter on Jan 1, 2018.
             Slain by a hound (6 damage)
             ... on level 4 of the Dungeon.
             The game lasted 00:04:08 (1134 turns).

dohliylev the Sneak (Vampire Enchanter)             Turns: 1134, Time: 00:04:09

Health: -3/24      AC:  2    Str:  7    XL:     3   Next: 94%
Magic:  0/6        EV: 12    Int: 18    God:
Gold:   49         SH:  0    Dex: 14    Spells: 3/6 levels left

rFire    . . .     SeeInvis +   a - +1 dagger
rCold    . . .     Gourm    .   (no shield)
rNeg     + . .     Faith    .   b - +0 robe
rPois    .         Spirit   .   (no helmet)
rElec    .         Reflect  .   (no cloak)
rCorr    .         Harm     .   (no gloves)
MR       .....                  (no boots)
Stlth    ++++......             (no amulet)
Regen    0.1/turn               (no ring)
MPRegen  0.1/turn               (no ring)

@: very slightly contaminated
A: fangs 3, see invisible, unbreathing
a: Bat Form


You were on level 4 of the Dungeon.
You were not thirsty.

You visited 1 branch of the dungeon, and saw 4 of its levels.

You collected 49 gold pieces.

Inventory:

Hand Weapons
 a - a +1 dagger (weapon)
Armour
 b - a +0 robe (worn)
Scrolls
 e - 2 scrolls of blinking {unknown}
 f - 4 scrolls of identify {unknown}
 h - a scroll of recharging {unknown}
 i - a scroll of fog {unknown}
 k - a scroll of remove curse {unknown}
Potions
 d - 9 potions of blood
 g - a potion of brilliance {unknown}
 j - a potion of degeneration {unknown}
Books
 c - a book of Maledictions

   Spells                             Type                      Level
   a - Corona                         Hexes                        1
   b - Ensorcelled Hibernation        Hexes/Ice                    2
   c - Confuse                        Hexes                        3
   d - Tukima's Dance                 Hexes                        3
   e - Dazzling Spray                 Conjuration/Hexes            3


   Skills:
 - Level 1.1 Short Blades
 - Level 2.1 Dodging
 + Level 7.5 Stealth
 - Level 2.0 Spellcasting
 - Level 4.4 Hexes


You had 3 spell levels left.
You knew the following spells:

 Your Spells              Type           Power        Failure   Level  Hunger
a - Corona                Hex            ###....      3%          1    #......
b - Ensorcelled Hibernat  Hex/Ice        #.....       11%         2    ###....


Dungeon Overview and Level Annotations

Branches:
Dungeon (4/15)
 Temple: D:4-7

Altars:

Annotations:
D:2 Sigmund
D:3 Terence


Innate Abilities, Weirdness & Mutations

You have razor-sharp teeth.
You have supernaturally acute eyesight. (SInv)
You can survive without breathing.


Message History

You are very lightly contaminated with residual magic.
Nothing appears to happen.
The hound closely misses you. The hound bites you.
Casting: Ensorcelled Hibernation
Confirm with . or Enter, or press ? or * to list all spells.
You don't have enough magic to cast that spell.
Unknown command.
The hound completely misses you. The hound closely misses you.
Found two stone staircases leading down.
The hound bites you.
* * * LOW HITPOINT WARNING * * *
The hound bites you.
* * * LOW HITPOINT WARNING * * *
Casting: Ensorcelled Hibernation
Confirm with . or Enter, or press ? or * to list all spells.
Aiming: Ensorcelled Hibernation
Press: ? - help, Shift-Dir - straight line, f/p - hound
Aim: a hound (chance to defeat MR: 50%)
The hound resists with some effort.
The hound bites you.
You die...

# # ###.#########
.#
..........<.##.####
#................
#.#######.......#
#.##.####
#.#######.# #
.....>.@h.#
#.#######.# ..# ##.
.. .#. >##. ##


You could see a hound.

Vanquished Creatures
  2 adders (D:2)
  2 oozes
  A worm (D:2)
  A leopard gecko (D:1)
  3 giant cockroaches
  4 goblins (D:1)
  7 hobgoblins
  2 jackals (D:1)
  A quokka (D:2)
  A bat (D:2)
  2 frilled lizards (D:1)
  4 kobolds
  3 rats (D:1)
33 creatures vanquished.

Notes
Turn   | Place    | Note
-------+----------+-------------------------------------------
     0 | D:1      | dohliylev the Vampire Enchanter began the quest for the Orb.
     0 | D:1      | Reached XP level 1. HP: 13/13 MP: 3/3
    12 | D:1      | Reached skill level 5 in Stealth
    32 | D:1      | Reached XP level 2. HP: 19/19 MP: 5/5
    36 | D:1      | Learned a level 2 spell: Ensorcelled Hibernation
   300 | D:1      | Reached skill level 6 in Stealth
   609 | D:1      | Reached XP level 3. HP: 24/24 MP: 1/6
   891 | D:2      | Reached skill level 7 in Stealth
  1048 | D:2      | Noticed Sigmund
  1053 | D:2      | Noticed Terence
  1134 | D:4      | Slain by a hound

Skill      XL: |  1  2  3 |
---------------+----------+-----
Stealth        | 5 6 7 |  7.5
Short Blades   | |  1.1
Dodging        | |  2.1
Spellcasting   | |  2.0
Hexes          | |  4.4

Action                   || total
-------------------------++-------
Melee: Dagger            ||    59
       Bite              ||     4
 Cast: Ensorcelled Hiber ||    23
       Corona            ||     1
 Stab: Sleeping          ||    26
  Eat: Corpse            ||     5
Armor: Robe              ||     6
Dodge: Dodged            ||    39
